 Dungeon Crawl Stone Soup version 0.20-a0-16-g0876c8e (webtiles) character file.

39 Naow the Sneak (level 3, -5/21 HPs)
             Began as an Octopode Enchanter on Nov 4, 2016.
             Slain by a hound (6 damage)
             ... on level 4 of the Dungeon.
             The game lasted 00:02:52 (1396 turns).

Naow the Sneak (Octopode Enchanter)                 Turns: 1396, Time: 00:02:53

Health: -5/21      AC:  1    Str:  7    XL:     3   Next: 45%
Magic:  0/6        EV: 13    Int: 18    God:
Gold:   114        SH:  2    Dex: 12    Spells: 2 memorised, 3 levels left

rFire  + . .     SeeInvis .     s - +3 dagger
rCold  + . .     Gourm    .     (no shield)
rNeg   . . .     Faith    .     (helmet restricted)
rPois  +         Spirit   .     f - +2 amulet of reflection
rElec  +         Reflect  +     (no ring)
rCorr  +         Harm     .     (no ring)
MR     .....                    (no ring)
Stlth  ++++......               (no ring)
                                (no ring)
                                (no ring)
                                (no ring)
                                (no ring)

@: resistant
A: almost no armour, stealthy swim, amphibious, 8 rings, constrict 8, camouflage
1, gelatinous body 1
a: no special abilities


You were on level 4 of the Dungeon.
You were hungry.

You visited 1 branch of the dungeon, and saw 4 of its levels.

You collected 114 gold pieces.

Inventory:

Hand Weapons
 a - a +1 dagger
 r - a +4 spear
 s - a +3 dagger (weapon)
Missiles
 m - 11 poisoned needles
Jewellery
 f - a +2 amulet of reflection (around mantle)
Scrolls
 h - 3 scrolls of identify {unknown}
 i - a scroll of noise {unknown}
 n - a scroll of enchant armour {unknown}
 o - a scroll of fog {unknown}
 p - a scroll of blinking {unknown}
 t - 3 scrolls of remove curse {unknown}
Potions
 e - a potion of berserk rage {unknown}
 j - a potion of brilliance {unknown}
 k - a potion of curing {unknown}
 l - a potion of degeneration {unknown}
 x - a potion of heal wounds {unknown}
Books
 b - a book of Maledictions

   Spells                             Type                      Level
   a - Corona                         Hexes                        1
   b - Ensorcelled Hibernation        Hexes/Ice                    2
   c - Confuse                        Hexes                        3
   d - Tukima's Dance                 Hexes                        3
   e - Dazzling Spray                 Conjuration/Hexes            3
Comestibles
 c - 2 bread rations
 g - a slice of pizza
 q - 2 meat rations
 u - a fruit
 v - 8 chunks of flesh
 w - a beef jerky


   Skills:
 + Level 1.8 Short Blades
 + Level 2.4 Dodging
 + Level 4.3 Stealth
 + Level 2.3 Spellcasting
 + Level 3.2 Hexes


You had 3 spell levels left.
You knew the following spells:

 Your Spells              Type           Power        Failure   Level  Hunger
a - Corona                Hex            ##.....      6%          1    #......
b - Ensorcelled Hibernat  Hex/Ice        #.....       14%         2    ##.....


Dungeon Overview and Level Annotations

Branches:
Dungeon (4/15)
 Temple: D:4-7

Altars:

Annotations:
D:3 GordonOverkill's ghost, amateur OgHu


Innate Abilities, Weirdness & Mutations

You cannot wear most types of armour.
You are very stealthy in the water. (Stealth+)
You are amphibious.
You can wear up to eight rings at the same time.
You can use your tentacles to constrict eight enemies at once.
Your skin changes colour to match your surroundings (Stealth+).
Your rubbery body absorbs attacks. (AC +1, EV +1)


Message History

Casting: Ensorcelled Hibernation
Confirm with . or Enter, or press ? or * to list all spells.
Aiming: Ensorcelled Hibernation
Press: ? - help, Shift-Dir - straight line, f/p - hound
Aim: a hound (chance to defeat MR: 48%)
The hound resists with some effort.
The hound barely misses you. The hound bites you.
* * * LOW HITPOINT WARNING * * *
It was a potion of resistance.
You feel protected. The hound barely misses you.
You hit the hound. You grab the hound.
The hound is moderately wounded.
You constrict the hound. The hound bites you.
* * * LOW HITPOINT WARNING * * *
The hound closely misses you.
You hit the hound but do no damage.
The hound is heavily wounded.
You constrict the hound. The hound bites you.
You die...

. . . .
###########.
.
#...........
.
#...........
.
#?..........
.
#...@.......
#
#...h.......
#...........
#...........
#...........
#...........
#...........
#...........


You could see a hound.

Vanquished Creatures
  An adder (D:2)
  An adder skeleton (D:4)
  A leopard gecko (D:1)
  2 orcs
  6 bats
  A giant cockroach (D:1)
  2 goblins
  2 hobgoblins
  2 jackals (D:1)
  A quokka (D:3)
  2 frilled lizards (D:2)
  2 rats
23 creatures vanquished.

Notes
Turn   | Place    | Note
-------+----------+-------------------------------------------
     0 | D:1      | Naow the Octopode Enchanter began the quest for the Orb.
     0 | D:1      | Reached XP level 1. HP: 11/11 MP: 3/3
   232 | D:1      | Reached XP level 2. HP: 10/17 MP: 5/5
   237 | D:1      | Learned a level 2 spell: Ensorcelled Hibernation
   810 | D:2      | Reached XP level 3. HP: 21/21 MP: 6/6
  1318 | D:3      | Noticed GordonOverkill's ghost (amateur OgHu)
  1395 | D:4      | HP: 1/21 [hound (4)]
  1396 | D:4      | Slain by a hound

Vault maps used:
D:1:      saegor_arrival_simple_f
D:4:      first_bread, nemelex_altar_shiori

Action                   || total
-------------------------++-------
Melee: Dagger            ||    43
       Constrict         ||     8
       Tentacles         ||     3
 Cast: Ensorcelled Hiber ||     4
  Use: Potion            ||     1
 Stab: Sleeping          ||    10
  Eat: Chunk             ||     1
Armor: Skin              ||     4
Dodge: Dodged            ||    23
Block: Other             ||     1
